 Dungeon Sprint DCSS version 0.28.0-43-g3370ac3207 (webtiles) character file.

Game seed: 16570597305572584282

81089 boopmooplesden the Minotaur Barricade (level 15, -4/261 HPs)
             Began as a Minotaur Berserker on Mar 13, 2022.
             Was the Champion of Trog.
             Succumbed to an ushabti's dark miasma
             ... in the Dungeon (Sprint V: "Ziggurat Sprint").
             The game lasted 00:22:09 (3938 turns).

boopmooplesden the Minotaur Barricade (MiBe)        Turns: 3938, Time: 00:22:09

Health: -4/261     AC: 43    Str: 34      XL:     15   Next: 25%
Magic:  14/14      EV: 10    Int:  4      God:    Trog [******]
Gold:   0          SH: 41    Dex: 16 (18) Spells: 14/14 levels left

rFire   x . .      SeeInvis +   j - +7 Screaming Sword {vorpal, sonic wave}
rCold   + + +      Faith    .   l - +18 shield of the Gong {rElec rN+ Will+ EV-5}
rNeg    + . .      Spirit   .   k - +15 Maxwell's patent armour {-Cast -Tele rElec Will+ rCorr}
rPois   +          Reflect  +   (helmet restricted)
rElec   +          Harm     .   I - +2 cloak of the Thief {*Fog Slay-2 SInv Stlth+}
rCorr   +          Rampage  .   y - +0 pair of gloves "Duuffoim" {rElec Str+3 SInv Stlth-}
Will    +++..      NoTele   +   T - +0 pair of boots "Qylauhug" {+Inv rF- rC+++ Str+4}
Stlth   .......... NoCast   +   H - amulet of reflection
HPRegen 0.53/turn               M - ring "Oxikh" {Wiz Str+4}
MPRegen 0.14/turn               O - ring of the Nightingale {rPois rC+ Dex+2}

@: berserking, lethally poisoned (-4 -> -32), slowed, studying Stealth
A: horns 2, retaliatory headbutt
a: Renounce Religion, Evoke Invisibility, Berserk, Trog's Hand, Brothers in Arms


You were in the Dungeon.
You worshipped Trog.
Trog was exalted by your worship.
You visited 1 branch

Inventory:

Hand Weapons
 a - the +7 scimitar of Uckirghel {vorpal, Str+3}
   (You took it off a vault guard in the Dungeon)

   It inflicts extra damage upon your enemies.
   Str:       It affects your strength (+3).
 j - the +7 Screaming Sword (weapon) {vorpal, sonic wave}
   (You found it in the Dungeon)

   It inflicts extra damage upon your enemies.
   It radiates damaging sonic waves as it strikes, especially in combat
   involving dangerous or numerous foes.
 U - the +8 rapier "Usaba" {speed, MP+9 Dex+4 Stlth+}
   (You found it in the Dungeon)

   Attacks with this weapon are significantly faster.
   Dex:       It affects your dexterity (+4).
   MP:        It affects your magic capacity (+9).
   Stlth:     It makes you more stealthy.
 Z - the +8 autumn katana {vorpal, manifold assault}
   (You found it in the Dungeon)

   It sometimes launches melee attacks against multiple visible enemies.
Missiles
 D - 2 throwing nets (quivered)
Armour
 k - the +15 Maxwell's patent armour (worn) {-Cast -Tele rElec Will+ rCorr}
   (You found it in the Dungeon)

   rElec:     It insulates you from electricity.
   -Cast:     It prevents spellcasting.
   -Tele:     It prevents most forms of teleportation.
   rCorr:     It protects you from acid and corrosion.
   Will:      It increases your willpower.
 l - the +18 shield of the Gong (worn) {rElec rN+ Will+ EV-5}
   (You found it in the Dungeon)

   It is deafeningly noisy when blocking attacks.
   EV:        It affects your evasion (-5).
   rElec:     It insulates you from electricity.
   rN:        It protects you from negative energy.
   Will:      It increases your willpower.
 y - the +0 pair of gloves "Duuffoim" (worn) {rElec Str+3 SInv Stlth-}
   (You found it in the Dungeon)

   Str:       It affects your strength (+3).
   rElec:     It insulates you from electricity.
   SInv:      It lets you see invisible.
   Stlth:     It makes you less stealthy.
 I - the +2 cloak of the Thief (worn) {*Fog Slay-2 SInv Stlth+}
   (You found it in the Dungeon)

   It may release a thick cloud of smoke when the wearer is hurt.
   Slay:      It affects your accuracy & damage with ranged weapons and melee
   (-2).
   SInv:      It lets you see invisible.
   Stlth:     It makes you more stealthy.
 T - the +0 pair of boots "Qylauhug" (worn) {+Inv rF- rC+++ Str+4}
   (You found it in the Dungeon)

   Str:       It affects your strength (+4).
   rF:        It makes you vulnerable to fire.
   rC:        It renders you almost immune to cold.
   +Inv:      It lets you turn invisible.
Jewellery
 m - a ring of flight
 n - a +6 ring of dexterity
 q - a +6 ring of intelligence
 r - a +6 ring of strength
 E - a ring of magical power
 F - a +4 ring of protection
 H - an amulet of reflection (around neck)
 J - a ring of fire
 K - the amulet of Ocaeliule {RegenMP rC+}
   (You found it in the Dungeon)

   [amulet of magic regeneration]

   It increases your rate of magic regeneration.
   rC:        It protects you from cold.
 L - a ring of ice
 M - the ring "Oxikh" (left hand) {Wiz Str+4}
   (You found it in the Dungeon)

   [ring of wizardry]

   It improves your spell success rate.
   Str:       It affects your strength (+4).
 O - the ring of the Nightingale (right hand) {rPois rC+ Dex+2}
   (You found it in the Dungeon)

   [ring of protection from cold]

   Dex:       It affects your dexterity (+2).
   rC:        It protects you from cold.
   rPois:     It protects you from poison.
 P - a ring of magical power
 R - a ring of positive energy
 S - the amulet "Raetaec" {Faith *Corrode rPois rF+}
   (You took it off a deep elf master archer in the Dungeon)

   [amulet of faith]

   It allows you to gain divine favour quickly.
   rF:        It protects you from fire.
   rPois:     It protects you from poison.
   *Corrode:  It may corrode you when you take damage.
 V - the brooch of Shielding {Spirit SH+8}
   (You found it in the Dungeon)

   [amulet of guardian spirit]

   It causes incoming damage to be divided between your reserves of health and
   magic.
   SH:        It affects your SH (+8).
 X - an amulet of faith
Wands
 t - a wand of mindburst (7)
 u - a wand of iceblast (7)
 v - a wand of acid (7)
Scrolls
 h - 4 scrolls of blinking
 o - 8 scrolls of fog
 p - 2 scrolls of holy word
 s - 5 scrolls of identify
 w - 2 scrolls of fear
 C - 6 scrolls of brand weapon
Potions
 c - 10 potions of curing
 d - a potion of heal wounds
 e - 5 potions of haste
 f - 7 potions of magic
 g - 3 potions of berserk rage
 x - 2 potions of invisibility
 z - 4 potions of resistance
 A - a potion of experience
 B - 5 potions of might
Miscellaneous
 b - a lightning rod (4/4)
 i - a condenser vane
 N - a lightning rod (4/4)
 Y - a condenser vane


   Skills:
 O Level 27 Fighting
 + Level 26.6 Long Blades
 + Level 22.7 Armour
 + Level 11.8 Dodging
 + Level 0.7 Stealth
 O Level 27 Shields
 + Level 8.8 Evocations


You had 14 spell levels left.
You didn't know any spells.
Your spell library was empty.

Dungeon Overview and Level Annotations

Branches:
Dungeon (1/1)

Altars:
Ashenzari
Cheibriados
Dithmenos
Elyvilon
Fedhas
Gozag
Hepliaklqana
Kikubaaqudgha
Makhleb
Nemelex Xobeh
Okawaru
Qazlal
Ru
Sif Muna
Trog
Uskayaw
Vehumet
Wu Jian
Xom
Yredelemnul
Zin
The Shining One
Beogh
Jiyva
Lugonu


Innate Abilities, Weirdness & Mutations

You have a pair of horns on your head.
You reflexively headbutt those who attack you in melee.


Message History

The emperor scorpion claws you but does no damage. x2
The freezing wraith is engulfed in blazing flames.
The royal mummy is engulfed in blazing flames. x2
The royal mummy hits you.
* * * LOW HITPOINT WARNING * * *
You slice the royal mummy!! You headbutt the royal mummy!
The royal mummy is severely damaged.
You are engulfed in dark miasma.
You are more poisoned.
* * * LOW HITPOINT WARNING * * *
x2 You feel very sick.
You block the death scarab's attack.
GONNNNG!
The death scarab barely misses you. You block the death scarab's attack.
GONNNNG!
You block the death scarab's attack.
GONNNNG!
The emperor scorpion is engulfed in dark miasma.
The emperor scorpion seems to slow down.
The emperor scorpion dies!
The emperor scorpion's corpse disappears in a puff of smoke!
The ushabti shakes and rattles deafeningly!
The freezing wraith is engulfed in blazing flames.
You destroy the freezing wraith!
The freezing wraith disappears in a puff of smoke!
You slash the royal mummy!
The royal mummy is almost destroyed.
You are engulfed in dark miasma.
You are more poisoned.
* * * LOW HITPOINT WARNING * * *
x2 You feel very sick.
You block the death scarab's attack.
BOUMMMMG!
The royal mummy is engulfed in blazing flames.
The royal mummy calls on the powers of darkness!
You feel a surge of unholy energy. You block the death scarab's attack.
PANG!
You barely miss the royal mummy. You headbutt the royal mummy!
The royal mummy is almost destroyed.
You die...

..|[=|[)::.||..▓........
.§§○§§§§°§§§§§.▓......()
.§§§§§§§.§§§§§.▓..▓.....
....§§§§.§§§§..▓.▓▓▓...)
....§☼§.§9.....▓..▓.....
§...§§§.§§"....▓........
......§M§§.....▓......©.
......MM)§.....▓▓▓▓▓▓▓▓▓
......B@B......▓
...▓..○°...▓...▓
......○.°......▓
.....○..B......▓
.......©.......▓
▓▓▓▓▓▓▓▓▓▓▓▓▓▓▓▓


You could see 2 royal mummies, a mummy priest, an ushabti (catching breath) and
3 death scarabs.

Vanquished Creatures
  A lich (D)
  A titan (shapeshifter) (D)
  An acid blob (shapeshifter) (D)
  3 deep elf blademasters (D)
  5 deep elf master archers (D)
  2 shadow dragons (D)
  A fenstrider witch (shapeshifter) (D)
  An emperor scorpion (shapeshifter) (D)
  A fire giant (shapeshifter) (D)
  A frost giant (shapeshifter) (D)
  2 orc warlords (D)
  4 stone giants (D)
  A ghoul (D)
  An ophan (D)
  5 black draconians (D)
  2 green draconians (D)
  A purple draconian (D)
  2 deep elf annihilators (D)
  3 red draconians (D)
  2 yellow draconians (D)
  2 mummy priests (D)
  2 deep elf high priests (D)
  A great orb of eyes (shapeshifter) (D)
  4 yaktaur captains (D)
  8 vault guards (D)
  2 hydras (D)
  An alligator (shapeshifter) (D)
  A centaur warrior (D)
  An anaconda (shapeshifter) (D)
  A boulder beetle (D)
  A death yak (D)
  A death knight (D)
  2 orc high priests (D)
  2 two-headed ogres (shapeshifter) (D)
  A dancing weapon (D)
  A death scarab (D)
  5 soul eaters (D)
  A swamp dragon (shapeshifter) (D)
  2 sea snakes (shapeshifter) (D)
  3 orc knights (D)
  3 deep elf pyromancers (D)
  2 deep elf zephyrmancers (D)
  6 cyclopes (D)
  3 orc sorcerers (D)
  A worldbinder (D)
  2 toenail golems (D)
  A moth of wrath (shapeshifter) (D)
  A torpor snail (D)
  A water nymph (shapeshifter) (D)
  A guardian serpent (shapeshifter) (D)
  An orange demon (D)
  A smoke demon (D)
  5 cane toads (D)
  6 yaktaurs (D)
  A komodo dragon (D)
  A rime drake (D)
  A troll (D)
  4 guardian mummies (D)
  8 merfolk (D)
  A hellwing (D)
  A polar bear (D)
  3 wind drakes (D)
  4 tarantellas (D)
  A hornet (D)
  2 hornets (shapeshifter) (D)
  2 raiju (shapeshifter) (D)
  2 dream sheep (shapeshifter) (D)
  A tarantella (shapeshifter) (D)
  A slime creature (D)
  A jumping spider (shapeshifter) (D)
  2 spriggans (D)
  3 flying skulls (D)
  A yak (D)
  2 ushabtiu (D)
  A fire elemental (D)
  2 golden eyes (D)
  A chaos spawn (D)
  2 wargs (D)
  2 water moccasins (D)
  6 orc warriors (D)
  2 necrophages (D)
  3 ogres (D)
  3 black bears (D)
  2 wolves (D)
  4 centaurs (D)
  2 phantoms (D)
  6 bullfrogs (D)
  2 scorpions (D)
  3 crimson imps (D)
  A quasit (D)
  3 iron imps (D)
  An iguana (D)
  An orc wizard (D)
  7 mummies (D)
  A river rat (D)
  An ufetubus (D)
  2 adder skeletons (D)
  An adder zombie (D)
  4 bat skeletons (D)
  2 bat zombies (D)
  2 jackals (D)
  4 ball python skeletons (D)
  A ball python zombie (D)
  A jackal skeleton (D)
  A quokka skeleton (D)
  A quokka zombie (D)
  A spectral ball python (D)
234 creatures vanquished.

Vanquished Creatures (others)
  A large abomination (D)
  An air elemental (D)
  An ufetubus (D)
3 creatures vanquished.

Grand Total: 237 creatures vanquished

Notes
Turn   | Place    | Note
-------+----------+-------------------------------------------
     0 | D        | boopmooplesden the Minotaur Berserker began the quest for
                  | the Orb.
     0 | D        | Reached XP level 1. HP: 19/19 MP: 0/0
     3 | D        | Found a blossoming altar of Fedhas.
     3 | D        | Found the +6 Majin-Bo {vamp, MP+6 Int+6}
     3 | D        | Found the +9 heavy crossbow "Sniper" {vorpal, Acc+∞ SInv}
     3 | D        | Found the +10 dark maul {vorpal}
     3 | D        | Found the +15 Maxwell's patent armour {-Cast -Tele rElec
                  | Will+ rCorr}
     3 | D        | Found the +18 shield of the Gong {rElec rN+ Will+ EV-5}
     3 | D        | Found the +14 obsidian axe {vorpal, Mesm Drain Fly SInv}
    14 | D        | Found a viscous altar of Jiyva.
    14 | D        | Found a hazy altar of Hepliaklqana.
    14 | D        | Found a transporter.
    14 | D        | Found an opulent altar of Gozag.
    14 | D        | Found an ancient bone altar of Kikubaaqudgha.
    14 | D        | Found a corrupted altar of Lugonu.
    14 | D        | Found the +7 great mace "Firestarter" {inner flame, rF++}
    14 | D        | Found the +6 shillelagh "Devastator" {shatter}
    14 | D        | Found the +11 plutonium sword {Contam Stlth-}
    14 | D        | Found the +8 lance "Wyrmbane" {slay drac, rPois rF+ rC+
                  | AC+3}
    14 | D        | Found the +9 sword of Zonguldrok {reap}
    14 | D        | Found the +13 scythe of Curses {drain, Drain}
    14 | D        | Found the +5 sword of Power {vorpal}
    14 | D        | Found the +7 mace of Variability {chain chaos}
    14 | D        | Found the +7 Singing Sword {vorpal, sonic wave}
    14 | D        | Found the +8 storm bow {elec, penet}
    16 | D        | Found a burning altar of Makhleb.
    17 | D        | Found a stormy altar of Qazlal.
    17 | D        | Found an iron altar of Okawaru.
    17 | D        | Found a sacrificial altar of Ru.
    17 | D        | Found a sparkling altar of Nemelex Xobeh.
    17 | D        | Found a shimmering blue altar of Sif Muna.
    17 | D        | Found a bloodstained altar of Trog.
    82 | D        | Entered arena 2.
    82 | D        | Noticed a toenail golem
    82 | D        | Noticed a toenail golem
    82 | D        | Found a transporter.
    88 | D        | Killed a toenail golem
    89 | D        | Reached skill level 10 in Fighting
    89 | D        | Reached skill level 10 in Long Blades
    89 | D        | Reached skill level 5 in Dodging
    89 | D        | Reached skill level 1 in Shields
    89 | D        | Reached XP level 2. HP: 38/38 MP: 1/1
    89 | D        | Reached XP level 3. HP: 45/45 MP: 2/2
    89 | D        | Reached XP level 4. HP: 51/51 MP: 3/3
    89 | D        | Reached XP level 5. HP: 58/58 MP: 4/4
    89 | D        | Reached XP level 6. HP: 66/66 MP: 5/5
    91 | D        | Killed a toenail golem
    92 | D        | Reached XP level 7. HP: 77/77 MP: 6/6
   192 | D        | Entered arena 3.
   192 | D        | Noticed a golden eye
   192 | D        | Noticed a golden eye
   192 | D        | Noticed a slime creature
   192 | D        | Found a transporter.
   196 | D        | Killed a golden eye
   196 | D        | Reached ** piety under Trog
   196 | D        | Killed a golden eye
   196 | D        | Killed a slime creature
   197 | D        | Reached XP level 8. HP: 86/86 MP: 7/7
   200 | D        | Entered arena 4.
   200 | D        | Found a transporter.
   204 | D        | Reached *** piety under Trog
   214 | D        | Entered arena 5.
   214 | D        | Found a transporter.
   218 | D        | Reached **** piety under Trog
   226 | D        | Entered arena 6.
   226 | D        | Noticed a merfolk
   226 | D        | Noticed a merfolk
   226 | D        | Noticed a merfolk
   226 | D        | Noticed a merfolk
   226 | D        | Noticed a merfolk
   226 | D        | Found a transporter.
   239 | D        | Killed a merfolk
   240 | D        | Killed a merfolk
   241 | D        | Reached skill level 5 in Shields
   244 | D        | Killed a merfolk
   245 | D        | Reached skill level 15 in Long Blades
   245 | D        | Reached XP level 9. HP: 32/95 MP: 8/8
   245 | D        | Killed a merfolk
   245 | D        | Reached ***** piety under Trog
   247 | D        | Killed a merfolk
   518 | D        | Entered arena 7.
   518 | D        | Noticed a spriggan rider
   519 | D        | Found a transporter.
   523 | D        | Received a gift from Trog
   524 | D        | Reached skill level 15 in Fighting
   524 | D        | Reached skill level 10 in Armour
   562 | D        | Entered arena 8.
   564 | D        | Found a transporter.
   571 | D        | Identified the +3 short sword of Midnight {flame, *Slow
                  | rElec rPois rF++} (Trog gifted it to you in the Dungeon)
   571 | D        | Received a gift from Trog
   572 | D        | Reached skill level 10 in Shields
   572 | D        | Reached XP level 10. HP: 106/106 MP: 9/9
   615 | D        | Entered arena 9.
   615 | D        | Found the +9 staff of Olgreb {rPois∞}
   615 | D        | Noticed an orange demon
   616 | D        | Found a transporter.
   625 | D        | Killed an orange demon
   625 | D        | Reached ****** piety under Trog
   625 | D        | Received a gift from Trog
   641 | D        | Entered arena 10.
   641 | D        | Found the +2 cloak of the Thief {*Fog Slay-2 SInv Stlth+}
   642 | D        | Found a transporter.
   649 | D        | Received a gift from Trog
   669 | D        | Entered arena 11.
   669 | D        | Noticed a cyclops
   669 | D        | Noticed a cyclops
   670 | D        | Found a transporter.
   684 | D        | Killed a cyclops
   686 | D        | Killed a cyclops
   686 | D        | Received a gift from Trog
   862 | D        | Entered arena 12.
   862 | D        | Noticed a smoke demon
   862 | D        | Noticed a death knight
   862 | D        | Noticed an ophan
   863 | D        | Noticed a worldbinder
   865 | D        | Noticed a naga warrior
   865 | D        | Noticed a mana viper
   865 | D        | Noticed a black mamba
   867 | D        | Found a transporter.
   874 | D        | Received a gift from Trog
   875 | D        | Reached skill level 15 in Shields
   876 | D        | Killed an ophan
   877 | D        | Reached XP level 11. HP: 104/116 MP: 4/10
   879 | D        | Noticed a mana viper
   879 | D        | Noticed a naga warrior
   881 | D        | Killed a death knight
  1018 | D        | Got the amulet of Ocaeliule {RegenMP rC+}
  1122 | D        | Entered arena 13.
  1123 | D        | Noticed a seven-headed hydra
  1125 | D        | Found a transporter.
  1129 | D        | Received a gift from Trog
  1137 | D        | Received a gift from Trog
  1139 | D        | Killed an eight-headed hydra
  1152 | D        | Got the ring "Oxikh" {Wiz Str+4}
  1305 | D        | Entered arena 14.
  1306 | D        | Noticed a boulder beetle
  1306 | D        | Noticed a death yak
  1306 | D        | Noticed a five-headed hydra
  1319 | D        | Received a gift from Trog
  1320 | D        | Killed a nine-headed hydra
  1323 | D        | Killed a death yak
  1326 | D        | Found a transporter.
  1331 | D        | Killed a boulder beetle
  1351 | D        | Got the ring of the Nightingale {rPois rC+ Dex+2}
  1363 | D        | Got the +11 quarterstaff of Plog {antimagic, *Noise Will+
                  | Int+3 Dex+3}
  1478 | D        | Entered arena 15.
  1480 | D        | Noticed a green draconian
  1480 | D        | Noticed a red draconian
  1480 | D        | Noticed a red draconian
  1480 | D        | Noticed a black draconian
  1480 | D        | Noticed a black draconian
  1480 | D        | Noticed a yellow draconian
  1480 | D        | Noticed a yellow draconian
  1480 | D        | Noticed a black draconian
  1480 | D        | Noticed a black draconian
  1485 | D        | Noticed a purple draconian
  1485 | D        | Noticed a green draconian
  1485 | D        | Noticed a black draconian
  1488 | D        | Identified the +7 dagger of the Postmodern Priests {vorpal,
                  | +Blink rElec rC+}
  1488 | D        | Noticed a red draconian
  1494 | D        | Killed a green draconian
  1494 | D        | Received a gift from Trog
  1495 | D        | Reached XP level 12. HP: 68/127 MP: 11/11
  1495 | D        | Killed a red draconian
  1498 | D        | Killed a black draconian
  1502 | D        | Killed a yellow draconian
  1502 | D        | Killed a green draconian
  1502 | D        | Killed a red draconian
  1503 | D        | Reached skill level 1 in Evocations
  1504 | D        | Killed a black draconian
  1504 | D        | Received a gift from Trog
  1507 | D        | Killed a yellow draconian
  1510 | D        | HP: 2/128 [black draconian/bolt of lightning (8)]
  1515 | D        | Killed a red draconian
  1516 | D        | Reached skill level 15 in Armour
  1519 | D        | Killed a purple draconian
  1521 | D        | Killed a black draconian
  1522 | D        | Killed a black draconian
  1525 | D        | Killed a black draconian
  1525 | D        | Received a gift from Trog
  1530 | D        | Found a transporter.
  1550 | D        | Got the +0 pair of boots "Qylauhug" {+Inv rF- rC+++ Str+4}
  1792 | D        | Got the +8 rapier "Usaba" {speed, MP+9 Dex+4 Stlth+}
  1796 | D        | Entered arena 16.
  1797 | D        | Noticed a ghoul
  1797 | D        | Found the brooch of Shielding {Spirit SH+8}
  1798 | D        | Noticed a shadow dragon
  1798 | D        | Found the +8 autumn katana {vorpal, manifold assault}
  1800 | D        | Found a transporter.
  1803 | D        | Received a gift from Trog
  1805 | D        | Killed a ghoul
  1810 | D        | Received a gift from Trog
  1811 | D        | Killed a shadow dragon
  1812 | D        | Reached XP level 13. HP: 96/137 MP: 12/12
  2034 | D        | Entered arena 17.
  2037 | D        | Noticed a shadow dragon
  2037 | D        | Noticed a lich
  2037 | D        | Noticed a stone giant
  2038 | D        | Identified the +7 scimitar of Uckirghel {vorpal, Str+3}
  2038 | D        | Noticed a stone giant
  2040 | D        | Found a transporter.
  2049 | D        | Killed a stone giant
  2053 | D        | Received a gift from Trog
  2057 | D        | Killed a lich
  2087 | D        | Killed a shadow dragon
  2089 | D        | Killed a stone giant
  2089 | D        | Received a gift from Trog
  2102 | D        | Received a gift from Trog
  2356 | D        | Got the +0 pair of gloves "Duuffoim" {rElec Str+3 SInv
                  | Stlth-}
  2495 | D        | Entered arena 18.
  2498 | D        | Noticed a deep elf blademaster
  2498 | D        | Noticed a deep elf master archer
  2498 | D        | Noticed a deep elf annihilator
  2498 | D        | Noticed a deep elf master archer
  2498 | D        | Noticed a deep elf annihilator
  2499 | D        | Noticed a deep elf blademaster
  2499 | D        | Noticed a deep elf blademaster
  2503 | D        | Paralysed by an air elemental for 1 turns
  2508 | D        | Killed a deep elf blademaster
  2509 | D        | Reached skill level 27 in Shields
  2509 | D        | Identified the amulet "Raetaec" {Faith *Corrode rPois rF+}
  2511 | D        | Killed a deep elf master archer
  2511 | D        | Paralysed by an air elemental for 1 turns
  2517 | D        | Killed a deep elf blademaster
  2527 | D        | Killed a deep elf blademaster
  2532 | D        | Received a gift from Trog
  2541 | D        | Killed a deep elf annihilator
  2542 | D        | Reached XP level 14. HP: 88/151 MP: 13/13
  2546 | D        | Killed a deep elf master archer
  2548 | D        | Received a gift from Trog
  3002 | D        | Found a transporter.
  3116 | D        | Entered arena 19.
  3120 | D        | Noticed a stone giant
  3120 | D        | Noticed a stone giant
  3120 | D        | Noticed a deep elf master archer
  3120 | D        | Noticed a deep elf master archer
  3120 | D        | Noticed a deep elf master archer
  3122 | D        | Killed a deep elf master archer
  3123 | D        | Reached skill level 10 in Dodging
  3124 | D        | Killed a stone giant
  3124 | D        | Received a gift from Trog
  3124 | D        | Killed a deep elf master archer
  3126 | D        | Found a transporter.
  3126 | D        | Killed a deep elf master archer
  3126 | D        | Received a gift from Trog
  3127 | D        | Reached skill level 5 in Evocations
  3131 | D        | Killed a stone giant
  3235 | D        | Entered arena 20.
  3241 | D        | Noticed an orc warlord
  3242 | D        | Noticed an orc warlord
  3242 | D        | Identified the +7 long sword of Insufficient Pleasure
                  | {pain, SInv}
  3242 | D        | Received a gift from Trog
  3244 | D        | Received a gift from Trog
  3256 | D        | Killed an orc warlord
  3260 | D        | Killed an orc warlord
  3261 | D        | Received a gift from Trog
  3262 | D        | Found a transporter.
  3370 | D        | Entered arena 21.
  3375 | D        | Noticed a glowing shapeshifter
  3375 | D        | Noticed a glowing shapeshifter
  3375 | D        | Noticed a shard shrike
  3375 | D        | Noticed a shard shrike
  3375 | D        | Noticed a fenstrider witch
  3375 | D        | a glowing shapeshifter changed into a fenstrider witch
  3375 | D        | a glowing shapeshifter changed into a manticore
  3375 | D        | Noticed a rockslime
  3375 | D        | a shard shrike changed into a rockslime
  3375 | D        | Noticed a juggernaut
  3377 | D        | Noticed a titan
  3377 | D        | a juggernaut changed into a titan
  3377 | D        | Noticed a juggernaut
  3378 | D        | Noticed a shard shrike
  3378 | D        | a juggernaut changed into a shard shrike
  3379 | D        | Killed a fenstrider witch
  3379 | D        | Noticed a rockslime
  3379 | D        | a shard shrike changed into a rockslime
  3380 | D        | Noticed a rockslime
  3380 | D        | a titan changed into a rockslime
  3380 | D        | Noticed a frost giant
  3382 | D        | Noticed a titan
  3382 | D        | a rockslime changed into a titan
  3383 | D        | Noticed a caustic shrike
  3383 | D        | a rockslime changed into a caustic shrike
  3384 | D        | Noticed a rockslime
  3384 | D        | a titan changed into a rockslime
  3386 | D        | Received a gift from Trog
  3386 | D        | Noticed a shard shrike
  3386 | D        | a rockslime changed into a shard shrike
  3387 | D        | Reached skill level 27 in Fighting
  3388 | D        | Noticed an iron dragon
  3388 | D        | a caustic shrike changed into an iron dragon
  3388 | D        | Noticed a rockslime
  3388 | D        | a shard shrike changed into a rockslime
  3391 | D        | a frost giant changed into an alligator snapping turtle
  3391 | D        | Noticed a golden dragon
  3391 | D        | an iron dragon changed into a golden dragon
  3396 | D        | Noticed a shard shrike
  3396 | D        | a rockslime changed into a shard shrike
  3399 | D        | Noticed a sphinx
  3399 | D        | an alligator snapping turtle changed into a sphinx
  3400 | D        | Noticed a juggernaut
  3400 | D        | a rockslime changed into a juggernaut
  3400 | D        | Noticed an iron giant
  3400 | D        | a shard shrike changed into an iron giant
  3401 | D        | Noticed a shard shrike
  3401 | D        | a juggernaut changed into a shard shrike
  3401 | D        | Noticed a fire giant
  3401 | D        | a golden dragon changed into a fire giant
  3402 | D        | Noticed a shadow dragon
  3402 | D        | a sphinx changed into a shadow dragon
  3402 | D        | Noticed a juggernaut
  3402 | D        | a shard shrike changed into a juggernaut
  3403 | D        | Noticed an emperor scorpion
  3403 | D        | a fire giant changed into an emperor scorpion
  3403 | D        | Noticed a titan
  3403 | D        | a shard shrike changed into a titan
  3404 | D        | Noticed an iron dragon
  3404 | D        | an iron giant changed into an iron dragon
  3404 | D        | Noticed an iron giant
  3404 | D        | a titan changed into an iron giant
  3404 | D        | Received a gift from Trog
  3405 | D        | Noticed a quicksilver dragon
  3405 | D        | a shadow dragon changed into a quicksilver dragon
  3406 | D        | an emperor scorpion changed into a catoblepas
  3406 | D        | Noticed an iron giant
  3406 | D        | an iron dragon changed into an iron giant
  3406 | D        | Noticed a golden dragon
  3406 | D        | an iron giant changed into a golden dragon
  3408 | D        | Noticed an emperor scorpion
  3408 | D        | a catoblepas changed into an emperor scorpion
  3408 | D        | Noticed a caustic shrike
  3408 | D        | a golden dragon changed into a caustic shrike
  3409 | D        | a quicksilver dragon changed into an alligator snapping
                  | turtle
  3411 | D        | Reached XP level 15. HP: 45/174 MP: 14/14
  3411 | D        | Received a gift from Trog
  3412 | D        | Noticed a golden dragon
  3412 | D        | a juggernaut changed into a golden dragon
  3412 | D        | Noticed an iron dragon
  3412 | D        | an iron giant changed into an iron dragon
  3412 | D        | Noticed a shadow dragon
  3412 | D        | a caustic shrike changed into a shadow dragon
  3413 | D        | Noticed an iron giant
  3413 | D        | an iron dragon changed into an iron giant
  3413 | D        | a shadow dragon changed into an iron troll
  3414 | D        | Noticed a frost giant
  3414 | D        | an eleionoma changed into a frost giant
  3417 | D        | Noticed a golden dragon
  3417 | D        | an iron giant changed into a golden dragon
  3417 | D        | Noticed a fire giant
  3417 | D        | an iron troll changed into a fire giant
  3418 | D        | Killed a frost giant
  3418 | D        | Noticed an iron giant
  3418 | D        | a golden dragon changed into an iron giant
  3418 | D        | Noticed an acid blob
  3418 | D        | a golden dragon changed into an acid blob
  3419 | D        | Noticed an iron dragon
  3419 | D        | an iron giant changed into an iron dragon
  3421 | D        | Killed an emperor scorpion
  3421 | D        | Noticed a titan
  3421 | D        | an acid blob changed into a titan
  3422 | D        | Noticed an acid blob
  3422 | D        | an iron dragon changed into an acid blob
  3423 | D        | Killed a fire giant
  3423 | D        | Received a gift from Trog
  3425 | D        | Killed a titan
  3427 | D        | Killed an acid blob
  3788 | D        | Found a transporter.
  3923 | D        | Entered arena 22.
  3927 | D        | Noticed a royal mummy
  3928 | D        | Identified the +7 longbow of Wuwkol {freeze, Contam rPois
                  | rCorr Str+3}
  3928 | D        | Noticed a royal mummy
  3930 | D        | Received a gift from Trog
  3932 | D        | Noticed an emperor scorpion
  3934 | D        | Received a gift from Trog
  3934 | D        | Received a gift from Trog
  3936 | D        | HP: 13/261 [poisoned by an ushabti (dark miasma)]
  3937 | D        | HP: 6/261 [ushabti] (7)]
  3937 | D        | HP: 1/261 [poisoned by an ushabti (dark miasma)]
  3938 | D        | Succumbed to an ushabti's dark miasma

Illustrated notes

Levels and vault maps discovered:
D:        sprint_v [room_start, room_1, room_2, room_3, room_4, room_5, room_6,
          room_7, room_8, room_9, room_10, room_11, room_12, room_13, room_14,
          room_15, room_16, room_17, room_18, room_19, room_20, room_21,
          room_22, room_23, room_24, room_25, room_26, room_27]

Skill      XL: |  1  2  3  4  5  6  7  8  9 10 11 12 13 14 15 |
---------------+----------------------------------------------+-----
Fighting       | 10 12 13 14 15 16 17 19 21 27 | 27.0
Long Blades    | 10 12 13 15 16 18 19 21 25 26 | 26.6
Armour         | 6 7 8 9 10 12 14 15 18 21 22 | 22.7
Dodging        | 5 6 7 8 9 11 | 11.8
Shields        | 1 2 3 5 10 15 20 24 27 | 27.0
Evocations     | 2 4 7 8 |  8.8
Stealth        | |  0.7

Action                   |  1- 3 |  4- 6 |  7- 9 | 10-12 | 13-15 || total
-------------------------+-------+-------+-------+-------+-------++-------
Melee: Double sword      |     3 |     2 |    35 |   109 |    17 ||   166
       Headbutt          |     1 |       |     2 |    19 |    37 ||    59
       Katana            |       |       |       |       |   232 ||   232
Invok: Berserk           |     1 |       |     3 |     6 |     6 ||    16
Evoke: Lightning rod     |       |       |       |     4 |     9 ||    13
       Condenser vane    |       |       |       |       |     7 ||     7
  Use: Potion            |       |       |       |     7 |     3 ||    10
Armor: Plate armour      |       |       |    22 |    84 |   160 ||   266
Dodge: Dodged            |       |       |       |    22 |    61 ||    83
Block: Kite shield       |     6 |     1 |    73 |   224 |   427 ||   731
       Reflection        |       |       |       |     4 |    45 ||    49
